 Dungeon Crawl Stone Soup version 0.30-a0-1043-g60ff8d5f49 (webtiles) character file.

Game seed: 6400657900248324783

15390 cheesebisquit the Severer (level 12, -10/110 HPs)
             Began as a Hill Orc Fighter on Apr 10, 2023.
             Was an Elder of Makhleb.
             Mangled by a large slime creature (17 damage)
             ... on level 11 of the Dungeon.
             The game lasted 00:36:41 (11648 turns).

cheesebisquit the Severer (Hill Orc Fighter)       Turns: 11648, Time: 00:36:42

Health: -10/110    AC: 29    Str: 32    XL:     12   Next: 26%
Magic:  15/15      EV:  8    Int:  8    God:    Makhleb [****..]
Gold:   1243       SH:  0    Dex: 10    Spells: 11/11 levels left

rFire   . . .      SeeInvis .    d - +5 war axe (flame)
rCold   . . .      Faith    .    c - +0 buckler
rNeg    . . .      Spirit   .    N - +2 plate armour
rPois   .          Reflect  +    F - +2 helmet
rElec   .          Rampage  .    (no cloak)
rCorr   .                        a - +2 pair of gloves
Will    .....                    l - +0 pair of boots of the Slightly Bent {Str+2} Stlth
                                 y - amulet of reflection
HPRegen 0.38/turn                O - +6 ring of strength
MPRegen 0.14/turn                p - +4 ring of protection

@: confused, ambrosia-drunk, studying Shields, invisible
A: no striking features
a: Renounce Religion, Minor Destruction, Lesser Servant of Makhleb, Major
Destruction


You were on level 11 of the Dungeon.
You worshipped Makhleb.
Makhleb was greatly pleased with you.
You visited 2 branches of the dungeon, and saw 13 of its levels.

You collected 1243 gold pieces.

Inventory:

Hand Weapons
 d - a +5 war axe of flaming (weapon)
 k - a +0 morningstar
 A - a +4 morningstar
 P - a +0 battleaxe
 U - the +3 mace of the Valley {venom, Stlth+}
   (You found it on level 9 of the Dungeon)

   Stlth:     It makes you more stealthy.
Missiles
 i - 2 throwing nets
 w - 4 boomerangs (quivered)
 I - 2 curare-tipped darts
 K - 42 poisoned darts
Armour
 a - a +2 pair of gloves (worn)
 c - a +0 buckler (worn)
 l - the +0 pair of boots of the Slightly Bent (worn) {Str+2}
   (You found it on level 7 of the Dungeon)

   Str:       It affects your strength (+2).
 F - a +2 helmet (worn)
 N - a +2 plate armour (worn)
Jewellery
 p - a +4 ring of protection (right hand)
 q - a ring of protection from fire
 x - a ring of protection from cold
 y - an amulet of reflection (around neck)
 C - a ring of fire
 H - a ring of poison resistance
 O - a +6 ring of strength (left hand)
Wands
 b - a wand of light (8)
 e - a wand of polymorph (11)
 B - a wand of flame (39)
 E - a wand of iceblast (7)
 M - a wand of charming (18)
Scrolls
 h - a scroll of vulnerability
 j - a scroll of fear
 n - 5 scrolls of amnesia
 o - 3 scrolls of magic mapping
 t - 3 scrolls of poison
 u - a scroll of brand weapon {unknown}
 v - a scroll of blinking {unknown}
 J - a scroll of immolation
 L - a scroll of silence {unknown}
 S - a scroll of fog {unknown}
Potions
 f - 2 potions of mutation
 m - 4 potions of degeneration
 r - 2 potions of brilliance
 s - 4 potions of lignification
 z - 2 potions of attraction
 D - 3 potions of flight
 R - a potion of magic


   Skills:
 + Level 11.3 Fighting
 * Level 16.3 Axes
 + Level 10.4 Armour
 + Level 12.0 Shields
 + Level 4.4 Invocations


You had 11 spell levels left.
You didn't know any spells.
Your spell library contained the following spells:

 Spells                   Type           Power      Damage    Failure   Level
 Foxfire                  Conj/Fire      0%         2x1d4     97%         1
 Magic Dart               Conj           0%         1d3       97%         1
 Necrotise                Necr           0%         1d4       97%         1
 Scorch                   Fire           0%         2d5       99%         2
 Gell's Gravitas          Tloc           0%         N/A       100%        3
 Ozocubu's Armour         Ice            0%         N/A       100%        3
 Stone Arrow              Conj/Erth      0%         3d7       100%        3
 Teleport Other           Tloc           0%         N/A       100%        3
 Vampiric Draining        Necr           0%         2d6       100%        3
 Animate Armour           Summ/Erth      0%         N/A       100%        4
 Flame Wave               Conj/Fire      0%         2d4       100%        4
 Agony                    Necr           0%         N/A       100%        5
 Blade Hands              Tmut           0%         N/A       100%        5
 Irradiate                Conj/Tmut      0%         3d11      100%        5
 Dispersal                Tloc           0%         N/A       100%        6
 Summon Cactus Giant      Summ           0%         N/A       100%        6
 Dragon Form              Tmut           0%         N/A       100%        7
 Ozocubu's Refrigeration  Ice            0%         4d7       100%        7
 Lehudib's Crystal Spear  Conj/Erth      0%         10d2      100%        8


Dungeon Overview and Level Annotations

Branches:
Dungeon (12/15)            Temple (1/1) D:5            Lair (0/5) D:9
    Orc (0/2) D:11

Altars:
Ashenzari
Cheibriados
Dithmenos
Elyvilon
Fedhas
Gozag
Hepliaklqana
Kikubaaqudgha
Makhleb
Nemelex Xobeh
Okawaru
Qazlal
Ru
Sif Muna
Trog
Uskayaw
Vehumet
Wu Jian
Xom
Yredelemnul
Zin
The Shining One

Shops:
D:1 *

Annotations:
D:7 2 transporters
D:10 3 runed translucent doors, patfeehan111222's ghost, journeyman MiBe
D:12 Sonja


Message History

The enormous slime creature attacks as you move away!
The enormous slime creature hits you!!!
Ouch! That really hurt!
The quasit attacks as you move away! You block the quasit's attack. x2
The quasit claws you but does no damage.
The enormous slime creature attacks as you move away!
The enormous slime creature hits you!
* * * LOW HITPOINT WARNING * * *
Found 5 stones.
The kobold demonologist gestures wildly while chanting.
The quasit barely misses you.
The quasit claws you but does no damage.
You block the quasit's attack.
There is a stone staircase leading up here.
Sonja mumbles some strange words.
Sonja blinks!
The quasit barely misses you. The quasit closely misses you.
The quasit claws you but does no damage.
The enormous slime creature completely misses you.
The crimson imp blinks!
You block the quasit's attack.
The quasit claws you but does no damage. x2
You climb upwards.
There is a stone staircase leading down here.
You barely miss the enormous slime creature.
The enormous slime creature is heavily wounded.
An enormous slime creature splits.
You feel better. The large slime creature hits you!!
* * * LOW HITPOINT WARNING * * *
You block the large slime creature's attack.
You fade into invisibility!
The large slime creature hits you but does no damage.
A large slime creature splits.
You are confused.
You feel invigorated. The large slime creature hits you!!
* * * LOW HITPOINT WARNING * * *
The slime creature barely misses you.
The slime creature quivers.
You're too confused to move!
The slime creature quivers.
The large slime creature hits you!
You die...

#...#.# ##..........
#...#.# #...#.####..
#...#.###...#.####..
#...#...............
####...........#.......
###.##.............####))
#........#.##.#........))
###.##...#............###
#.....@JJ..........##§≈
###.##..J#....#..#.####≈≈
#................#....#≈§
###..............|....#≈.
#........#.##.#.##.####≈§
###.##................#≈≈
#.##..#.....#....####≈§
#.##................#≈≈
#.##................###


You could see a large slime creature (unable to see you) and 2 slime creatures.

Vanquished Creatures
  3 two-headed ogres
  Erica (D:8)
  A deep elf pyromancer (D:8)
  2 manticores
  Maurice (D:8)
  An unseen horror (D:11)
  A kobold demonologist (D:10)
  3 trolls
  Prince Ribbit (D:8)
  A hornet (D:8)
  Grinder (D:5)
  A slime creature (D:12)
  2 shadows
  3 wyverns (D:8)
  2 wraiths
  A vampire (D:10)
  A basilisk (D:11)
  14 yaks
  A vampire mosquito (D:8)
  3 steam dragons (D:8)
  Menkaure (D:6)
  Edmund (D:5)
  A water moccasin (D:8)
  3 ice beasts
  11 orc warriors
  A black bear (D:4)
  A sky beast (D:7)
  3 centaurs
  4 ogres
  2 phantoms
  4 bullfrogs
  8 kobold brigands
  4 gnoll sergeants
  2 scorpions
  11 wights
  5 killer bees
  A howler monkey (D:10)
  3 electric eels (D:11)
  4 hounds
  2 jellies
  4 orc priests
  2 gnoll boudas
  2 sleepcaps
  2 iguanas (D:4)
  8 orc wizards
  Robin (D:3)
  25 gnolls
  8 adders
  A shadow imp (D:6)
  2 white imps
  4 ufetubi
  4 worms
  6 dart slugs
  30 orcs
  8 bats
  7 endoplasms
  4 giant cockroaches
  17 goblins
  9 hobgoblins
  10 kobolds
  A quokka (D:4)
  9 ball pythons
  3 rats
283 creatures vanquished.

Vanquished Creatures (others)
  An orc wizard (D:8)
  6 plants (D:9)
7 creatures vanquished.

Grand Total: 290 creatures vanquished

Notes
Turn   | Place    | Note
-------+----------+-------------------------------------------
     0 | D:1      | cheesebisquit the Hill Orc Fighter began the quest for the
                  | Orb.
     0 | D:1      | Reached XP level 1. HP: 19/19 MP: 1/1
   278 | D:1      | Found Gayrud's Assorted Antiques.
   550 | D:2      | Reached skill level 3 in Axes
   662 | D:2      | Reached XP level 2. HP: 25/27 MP: 2/2
   758 | D:2      | Reached XP level 3. HP: 33/33 MP: 3/3
   966 | D:2      | Reached skill level 4 in Axes
  1204 | D:2      | Reached XP level 4. HP: 38/40 MP: 4/4
  2108 | D:3      | Found a hide-covered altar of Uskayaw.
  2178 | D:3      | Found an opulent altar of Gozag.
  2419 | D:4      | Noticed an orc warrior
  2425 | D:4      | Found a bloodstained altar of Trog.
  2435 | D:4      | Killed an orc warrior
  2436 | D:4      | Reached skill level 5 in Axes
  2436 | D:4      | Reached XP level 5. HP: 6/47 MP: 5/5
  2599 | D:4      | Found a shimmering blue altar of Sif Muna.
  2605 | D:4      | Got Sif Muna's Encyclopedia of Hurting
  2731 | D:4      | Reached skill level 5 in Fighting
  2731 | D:4      | Reached skill level 6 in Axes
  2731 | D:4      | Reached XP level 6. HP: 38/56 MP: 6/6
  2967 | D:4      | Found an iron altar of Okawaru.
  3007 | D:4      | Noticed a black bear
  3011 | D:4      | Killed a black bear
  3012 | D:4      | Reached skill level 7 in Axes
  3012 | D:4      | Reached skill level 5 in Armour
  3062 | D:4      | Reached XP level 7. HP: 51/61 MP: 7/7
  3218 | D:4      | Noticed Robin
  3238 | D:3      | Killed Robin
  3507 | D:5      | Entered Level 5 of the Dungeon
  3653 | D:5      | Noticed Grinder
  3655 | D:5      | Paralysed by Grinder for 5 turns
  3661 | D:5      | Paralysed by Grinder for 3 turns
  3661 | D:5      | Found a shadowy altar of Dithmenos.
  3673 | D:5      | Killed Grinder
  3674 | D:5      | Reached skill level 8 in Axes
  3674 | D:5      | Reached XP level 8. HP: 35/71 MP: 8/8
  3903 | D:5      | Found a staircase to the Ecumenical Temple.
  3923 | Temple   | Entered the Ecumenical Temple
  4199 | D:5      | Noticed Edmund
  4211 | D:5      | Killed Edmund
  4212 | D:5      | Reached skill level 9 in Axes
  4958 | D:6      | Found a basalt altar of Yredelemnul.
  4960 | D:6      | Found a glowing silver altar of Zin.
  4960 | D:6      | Noticed Menkaure
  4965 | D:6      | Killed Menkaure
  5260 | D:6      | Reached skill level 10 in Axes
  5314 | D:6      | Found a burning altar of Makhleb.
  5346 | D:6      | Found an ornate altar of the Wu Jian Council.
  5481 | D:6      | Reached XP level 9. HP: 63/79 MP: 9/9
  5576 | D:6      | Reached skill level 5 in Shields
  5787 | D:6      | Found a glowing golden altar of the Shining One.
  5788 | D:6      | Found a white marble altar of Elyvilon.
  5914 | D:6      | Found a sparkling altar of Nemelex Xobeh.
  5986 | D:6      | Became a worshipper of Makhleb the Destroyer
  6003 | D:7      | Found a broken altar of Ashenzari.
  6003 | D:7      | You fall into a shaft and drop 1 floor!
  6068 | D:8      | Noticed a deep elf pyromancer
  6068 | D:8      | Noticed Maurice
  6256 | D:8      | Noticed Erica
  6277 | D:8      | Killed Erica
  6278 | D:8      | Reached skill level 11 in Axes
  6407 | D:7      | Found a transporter.
  6412 | D:7      | Found a transporter.
  6455 | D:7      | Identified the +0 pair of boots of the Slightly Bent
                  | {Str+2}
  6482 | D:7      | Reached skill level 12 in Axes
  6614 | D:7      | Noticed a toenail golem
  6615 | D:7      | Noticed an ancient zyme
  6626 | D:7      | Reached * piety under Makhleb
  6637 | D:7      | Reached XP level 10. HP: 88/90 MP: 10/10
  6678 | D:7      | Found a sacrificial altar of Ru.
  6916 | D:8      | Noticed Prince Ribbit
  6931 | D:8      | Killed Prince Ribbit
  6958 | D:8      | Found a snail-covered altar of Cheibriados.
  6968 | D:8      | Found a stormy altar of Qazlal.
  7034 | D:8      | Noticed a two-headed ogre
  7041 | D:8      | Killed a two-headed ogre
  7054 | D:8      | Reached skill level 13 in Axes
  7701 | D:8      | Noticed a two-headed ogre
  7714 | D:8      | Killed a two-headed ogre
  7810 | D:8      | Reached skill level 14 in Axes
  7848 | D:8      | Noticed a manticore
  7861 | D:8      | Reached XP level 11. HP: 99/99 MP: 11/11
  7865 | D:8      | Killed a manticore
  7865 | D:8      | Reached ** piety under Makhleb
  7866 | D:8      | Reached skill level 10 in Fighting
  7869 | D:8      | Reached skill level 10 in Shields
  7994 | D:8      | Killed a deep elf pyromancer
  8071 | D:8      | Killed Maurice
  8231 | D:8      | Found a snail-covered altar of Cheibriados.
  8245 | D:8      | Found a stormy altar of Qazlal.
  8685 | D:9      | Found a staircase to the Lair.
  8723 | D:9      | Found an ancient bone altar of Kikubaaqudgha.
  8725 | D:9      | Found a blossoming altar of Fedhas.
  8734 | D:9      | Reached skill level 15 in Axes
  8856 | D:9      | Identified the +3 mace of the Valley {venom, Stlth+}
  8985 | D:9      | Found a radiant altar of Vehumet.
  8985 | D:9      | Found a hazy altar of Hepliaklqana.
  9501 | D:10     | Entered Level 10 of the Dungeon
  9511 | D:10     | Reached skill level 1 in Invocations
  9752 | D:10     | Noticed a soul eater
  9970 | D:10     | Found a runed translucent gate.
  9970 | D:10     | Found a runed translucent gate.
  9971 | D:10     | Found a runed translucent gate.
  9975 | D:10     | Noticed patfeehan111222's ghost (journeyman MiBe)
 10109 | D:10     | Noticed a sixfirhy
 10111 | D:10     | Reached *** piety under Makhleb
 10389 | D:11     | Noticed a two-headed ogre
 10395 | D:11     | Killed a two-headed ogre
 10396 | D:11     | Reached skill level 10 in Armour
 10601 | D:11     | Reached XP level 12. HP: 91/110 MP: 14/14
 10617 | D:11     | Reached skill level 16 in Axes
 10637 | D:11     | Reached **** piety under Makhleb
 10705 | D:11     | Found a staircase to the Orcish Mines.
 11627 | D:12     | Noticed Sonja
 11630 | D:12     | Noticed a sun demon
 11639 | D:12     | Noticed a boulder beetle
 11647 | D:11     | HP: 3/110 [large slime creature (18)]
 11648 | D:11     | Mangled by a large slime creature

Illustrated notes

Levels and vault maps discovered:
D:1:      dpeg_arrival_line_fractal, layout_loops_ring, serial_shops,
          nicolae_lakefront_shop
D:2:      layout_basic
D:3:      layout_basic, mainiacjoe_overflow_cross_hatched,
          mainiacjoe_overflow_alcove_2
D:4:      layout_gridville, nzn_overflow_gifts_of_might_and_magic,
          okawaru_altar_gauntlet_db, minivault_19, minmay_fountain_box,
          uniq_robin
D:5:      layout_basic, general_overflow_altar, minmay_temple_entry_mini_moons,
          minmay_manual_mullet, uniq_edmund, uniq_grinder
D:6:      kennysheep_spiral_hall, layout_cave_pools, good_gods_temple_1,
          makhleb_heckhound_becter, mainiacjoe_overflow_boulevard,
          nemelex_dance_club_becter, kennysheep_mini_moat, serial_column_ruins,
          column_ruins_hut, column_ruins_open_tiny,
          column_ruins_corridor_corner, column_ruins_open_tiny,
          column_ruins_grid_1, column_ruins_grid_1,
          column_ruins_columns_straight, uniq_menkaure
D:7:      layout_rooms, cheibrodos_ashenzari_chains,
          mainiacjoe_overflow_concentric_impassable,
          gammafunk_ghost_abyssal_escape, minmay_checkerbox
D:8:      minmay_polygon_palace, layout_basic,
          mainiacjoe_overflow_catwalk_spiral, hex_tiny, uniq_prince_ribbit1,
          uniq_erica, uniq_maurice
D:9:      layout_irregular_city, grunt_temple_overflow_growth_and_decay,
          mainiacjoe_overflow_large_starburst, dpeg_oklobed_lair
D:10:     layout_roguey, ebering_ghost_rock_garden
D:11:     layout_basic, kennysheep_orc_monster_closet_entryway,
          kennysheep_generic_room_4
D:12:     layout_rooms, uniq_sonja
Temple:   ebering_the_one_and_only

Skill      XL: |  1  2  3  4  5  6  7  8  9 10 11 12 |
---------------+-------------------------------------+-----
Axes           | 3 4 5 6 7 8 10 12 14 15 16 | 16.3
Fighting       | 4 5 6 7 8 9 11 | 11.3
Armour         | 4 5 6 7 9 10 | 10.4
Shields        | 4 7 9 11 12 | 12.0
Invocations    | 3 4 |  4.4

Action                     |  1- 3 |  4- 6 |  7- 9 | 10-12 || total
---------------------------+-------+-------+-------+-------++-------
  Melee: War axe           |    90 |   103 |   236 |   341 ||   770
  Throw: Boomerang         |       |     6 |    36 |    65 ||   107
    Use: Potion            |       |     2 |     3 |     6 ||    11
         Scroll            |       |       |    21 |     9 ||    30
 Armour: Scale mail        |    62 |    36 |       |       ||    98
         Chain mail        |       |    17 |   106 |       ||   123
         Plate armour      |       |       |    24 |   182 ||   206
  Dodge: Dodged            |    51 |    44 |    65 |    76 ||   236
  Block: Buckler           |    21 |    24 |    97 |   177 ||   319
         Reflection        |       |       |     2 |    16 ||    18

Table legend: (Time is in decaauts)
 A = Elapsed time spent in this place.
 B = Non-inter-level travel time spent in this place.
 C = Inter-level travel time spent in this place.
 D = Time resting spent in this place.
 E = Time spent auto-exploring this place.
 F = Levels seen in this place.
 G = Mean time per level.
                   A        B        C        D        E       F      G
               +--------+--------+--------+--------+--------+-----+--------+
         Total |  11666 |  10973 |    693 |    773 |   8267 |  13 |  897.4 |
       Dungeon |  11661 |  10968 |    693 |    773 |   8267 |  12 |  971.8 |
        Temple |      5 |      5 |      0 |      0 |      0 |   1 |    5.0 |
               +--------+--------+--------+--------+--------+-----+--------+

Top non-repeatable levels by time:
     D:8: 1673 daAuts
     D:5: 1568 daAuts
    D:11: 1156 daAuts
     D:9: 1154 daAuts
     D:2: 1038 daAuts
     D:3: 1035 daAuts
     D:6: 969 daAuts
     D:4: 953 daAuts
     D:7: 808 daAuts
    D:10: 720 daAuts
     D:1: 548 daAuts
    D:12: 33 daAuts
  Temple: 5 daAuts
